 Dungeon Crawl Stone Soup version 0.29.1-15-g9cfb28693d (webtiles) character file.

Game seed: 11085843037798533760

72 hawla the Chopper (level 4, -3/41 HPs)
             Began as a Hill Orc Monk on Apr 20, 2023.
             Slain by a worm (5 damage)
             ... on level 2 of the Dungeon.
             The game lasted 00:05:33 (1762 turns).

hawla the Chopper (Hill Orc Monk)                   Turns: 1762, Time: 00:05:34

Health: -3/41      AC:  4    Str: 13    XL:     4   Next: 26%
Magic:  4/4        EV: 12    Int: 12    God:
Gold:   84         SH:  0    Dex: 13    Spells: 3/3 levels left

rFire   . . .      SeeInvis .   a - +0 hand axe
rCold   . . .      Faith    .   (no shield)
rNeg    . . .      Spirit   .   b - +0 robe
rPois   .          Reflect  .   (no helmet)
rElec   .          Harm     .   (no cloak)
rCorr   .          Rampage  .   m - +0 pair of gloves
Will    .....                   d - +0 pair of boots
Stlth   ++........              i - amulet of magic regeneration
HPRegen 0.13/turn               (no ring)
MPRegen 0.49/turn               (no ring)

@: no status effects
A: no striking features
a: no special abilities


You were on level 2 of the Dungeon.
You visited 1 branch of the dungeon, and saw 2 of its levels.

You collected 84 gold pieces.

Inventory:

Hand Weapons
 a - a +0 hand axe (weapon)
Armour
 b - a +0 robe (worn)
 d - a +0 pair of boots (worn)
 m - a +0 pair of gloves (worn)
Jewellery
 i - an amulet of magic regeneration (around neck)
 j - a ring of wizardry
Scrolls
 e - a scroll of teleportation {unknown}
 f - 2 scrolls of poison {unknown}
 g - 6 scrolls of identify {unknown}
 h - a scroll of fear {unknown}
 k - a scroll of enchant weapon {unknown}
 l - a scroll of torment {unknown}
 n - a scroll of immolation {unknown}


   Skills:
 + Level 4.3 Fighting
 + Level 5.2 Axes
 + Level 3.0 Dodging
 + Level 1.8 Stealth


You had 3 spell levels left.
You didn't know any spells.
Your spell library was empty.

Dungeon Overview and Level Annotations

Branches:
Dungeon (2/15)

Altars:

Annotations:
D:2 Sigmund


Message History

The worm is moderately wounded.
You closely miss something. The worm barely misses you.
You are confused.
You feel invigorated. Something hits you!
* * * LOW HITPOINT WARNING * * *
You hit the worm.
The worm is moderately wounded.
You miss something. The worm closely misses you. Something hits you.
* * * LOW HITPOINT WARNING * * *
You bump into the rock wall.
The worm closely misses you. Something hits you.
* * * LOW HITPOINT WARNING * * *
You hear some strange, mumbled words.
Something tries to affect you, but you resist.
You bump into the rock wall.
Something hits you.
* * * LOW HITPOINT WARNING * * *
You hit the worm.
The worm is moderately wounded.
Something hits you. The worm bites you but does no damage.
You closely miss the worm.
The worm is moderately wounded.
You hit something but do no damage. Something hits you but does no damage.
The worm bites you. Something hits you.
* * * LOW HITPOINT WARNING * * *
You feel less invigorated.
You feel less confused.
You hit the worm.
The worm is heavily wounded.
Sigmund appears from thin air!
Reactivating autopickup.
Sigmund hits you from afar with a +0 scythe!
* * * LOW HITPOINT WARNING * * *
The worm bites you.
* * * LOW HITPOINT WARNING * * *
Sigmund barely misses you.
You hit the worm.
The worm is severely wounded.
The worm bites you.
You die...

#.# #..#
#.# #
...# #.#
# #.# #
#.# #
#.######
########
#......#
........
######.#
########
######.#
#
#..@w..#
#
#.###@.#
# ..
#..# #
## #..#
# ...#
.##.# .#
#.# #.
#.# #
#.#


You could see Sigmund and a worm.

Vanquished Creatures
  A jelly (D:2)
  An adder (D:2)
  A dart slug (D:1)
  2 endoplasms (D:1)
  2 giant cockroaches
  2 goblins
  3 kobolds
  5 quokkas
  4 ball pythons (D:1)
  3 bats (D:2)
  3 frilled lizards
  4 rats
31 creatures vanquished.

Notes
Turn   | Place    | Note
-------+----------+-------------------------------------------
     0 | D:1      | hawla the Hill Orc Monk began the quest for the Orb.
     0 | D:1      | Reached XP level 1. HP: 19/19 MP: 1/1
   267 | D:1      | Reached XP level 2. HP: 25/27 MP: 2/2
   945 | D:1      | Found a faded altar of an unknown god.
  1242 | D:2      | HP: 1/27 [acid (3)]
  1244 | D:2      | Reached skill level 5 in Axes
  1244 | D:2      | Reached XP level 3. HP: 1/33 MP: 3/3
  1245 | D:2      | Reached XP level 4. HP: 2/40 MP: 4/4
  1728 | D:2      | Noticed Sigmund
  1759 | D:2      | HP: 2/41 [worm (4)]
  1762 | D:2      | Slain by a worm

Illustrated notes

Levels and vault maps discovered:
D:1:      minmay_arrival_arboretum_large, layout_loops_ring,
          shapermc_ecumenical_altar_mp_urbaneastern
D:2:      layout_loops_ring, basic_altar, uniq_natasha, uniq_sigmund

Skill      XL: |  1  2  3  4 |
---------------+-------------+-----
Fighting       | 4 |  4.3
Axes           | 5 |  5.2
Dodging        | 3 |  3.0
Stealth        | |  1.8

Action                   |  1- 3 |  4- 6 || total
-------------------------+-------+-------++-------
Melee: Hand axe          |    63 |    34 ||    97
       Punch             |     1 |     1 ||     2
  Use: Potion            |     4 |     1 ||     5
 Stab: Sleeping          |     2 |     2 ||     4
Armor: Robe              |    10 |    16 ||    26
Dodge: Dodged            |    36 |    22 ||    58
